 Dungeon Crawl Stone Soup version 0.19-a0-1223-gf83d13a (webtiles) character file.

9144 inmateoo the Martial Artist (level 11, -10/96 HPs)
             Began as a Demonspawn Transmuter on Aug 24, 2016.
             Was an Elder of Cheibriados.
             Mangled by a seven-headed hydra (11 damage)
             ... on level 11 of the Dungeon.
             The game lasted 00:28:38 (12498 turns).

inmateoo the Martial Artist (DsTm)                 Turns: 12498, Time: 00:28:39

Health: -10/96     AC:  6    Str: 20    XL:     11   Next: 19%
Magic:  3/21       EV: 15    Int: 27    God:    Cheibriados [****..]
Gold:   182        SH:  0    Dex: 26    Spells: 6 memorised, 4 levels left

rFire  x . .     SeeInvis .       - Unarmed
rCold  + + +     Gourm    .     (armour currently unavailable)
rNeg   + . .     Faith    .     (shield currently unavailable)
rPois  +         Spirit   .     (helmet currently unavailable)
rElec  .         Dismiss  .     (cloak currently unavailable)
rCorr  .         Reflect  .     (gloves currently unavailable)
MR     +....     Harm     .     (boots currently unavailable)
Stlth  ++........ Clarity  +    (no amulet)
                                E - ring of protection from cold
                                n - ring of positive energy

@: ice-form, very slightly contaminated, very slow
A: (horns 0), (molten scales 0), (camouflage 0), agile 1, berserk 1, clarity,
clever 1, foul stench 1, magic resistance 1, (poison resistance), powered by
death 1, rot immunity, subdued magic 1
a: End Transformation, Bend Time, Temporal Distortion, Slouch, Renounce Religion


You were on level 11 of the Dungeon.
You worshipped Cheibriados.
Cheibriados was greatly pleased with you.
You were hungry.
You were a creature of crystalline ice.
You visited 2 branches of the dungeon, and saw 12 of its levels.

You collected 728 gold pieces.
You spent 546 gold pieces at shops.

Inventory:

Hand Weapons
 k - a +3 rapier of protection
Missiles
 a - 152 arrows
Armour
 b - a +1 robe (melded)
 y - a +0 cloak (melded)
 A - a +0 pair of boots (melded)
 D - the +0 helmet of Midwinter {rF+++ rN+ Int+4 Dex+4}
   (You found it on level 6 of the Dungeon)

   It affects your intelligence (+4).
   It affects your dexterity (+4).
   It renders you almost immune to fire.
   It protects you from negative energy.
 L - a +0 pair of gloves (melded)
Jewellery
 n - a ring of positive energy (left front paw)
 E - a ring of protection from cold (right front paw)
 J - an uncursed amulet of faith {unknown}
Wands
 o - a wand of iceblast (7/15)
 G - a wand of acid (0/15)
 I - a wand of lightning (0/15)
Scrolls
 i - a scroll of recharging
 j - 4 scrolls of noise
 t - 2 scrolls of remove curse
 w - 2 scrolls of teleportation
 x - 3 scrolls of enchant armour
 z - 4 scrolls of magic mapping
 H - 2 scrolls of enchant weapon
 K - a scroll of fog
Potions
 f - 2 potions of magic
 g - a potion of cancellation
 m - 2 potions of lignification
 p - a potion of might
 s - a potion of cure mutation {unknown}
 u - 2 potions of curing
 v - a potion of brilliance {unknown}
Books
 c - a book of Changes

   Spells                             Type                      Level
   a - Beastly Appendage              Transmutation                1
   b - Sticks to Snakes               Transmutation                2
   c - Spider Form                    Transmutation/Poison         3
   d - Ice Form                       Ice/Transmutation            4
   e - Blade Hands                    Transmutation                5
 r - a book of Battle

   Spells                             Type                      Level
   a - Infusion                       Charms                       1
   b - Shroud of Golubria             Charms/Translocation         2
   c - Song of Slaying                Charms                       2
   d - Spectral Weapon                Hexes/Charms                 3
   e - Regeneration                   Charms/Necromancy            3
 F - a book of Transfigurations

   Spells                             Type                      Level
   a - Irradiate                      Conjuration/Transmutation    5
   b - Statue Form                    Transmutation/Earth          6
   c - Hydra Form                     Transmutation                6
   d - Dragon Form                    Transmutation                7
Comestibles
 d - 10 bread rations
 h - 6 beef jerkies
 q - 5 meat rations
 B - 8 slices of pizza
 C - 5 fruits


   Skills:
 - Level 5.6 Fighting
 - Level 5.5 Dodging
 * Level 9.6 Unarmed Combat
 + Level 6.8 Spellcasting
 * Level 7.2 Transmutations
 - Level 2.3 Ice Magic
 * Level 4.0 Earth Magic
 + Level 2.3 Invocations


You had 4 spell levels left.
You knew the following spells:

 Your Spells              Type           Power        Failure   Level  Hunger
a - Beastly Appendage     Tmut           #####.       1%          1    None
b - Sticks to Snakes      Tmut           #####...     1%          2    None
c - Spider Form           Tmut/Pois      ###.......   3%          3    None
d - Ice Form              Ice/Tmut       ####....     8%          4    ###....
e - Regeneration          Chrm/Necr      #.........   17%         3    None
f - Statue Form           Tmut/Erth      ####.....    87%         6    ######.


Dungeon Overview and Level Annotations

Branches:
Dungeon (11/15)            Temple (1/1) D:7             Orc (0/2) D:10
   Lair: D:8-11

Altars:
Ashenzari
Cheibriados
Dithmenos
Elyvilon
Fedhas
Gozag
Hepliaklqana
Kikubaaqudgha
Makhleb
Nemelex Xobeh
Okawaru
Qazlal
Ru
Sif Muna
Trog
Uskayaw
Vehumet
Xom
Yredelemnul
Zin
Beogh

Shops:
D:5 }   D:7 ?   D:8 [   D:10 [=[[

Portals:
Ice
Cave: D:11

Annotations:
D:6 mrath's ghost, novice GrEE
D:10 exclusions: cyclops and hydra, Nergalle
D:11 Urug


Innate Abilities, Weirdness & Mutations

((You have a pair of small horns on your head.))
((You are partially covered in molten scales. (AC +2)))
You may emit foul miasma when damaged in melee.
You regenerate a little health from kills.
You are immune to rotting.
((Your skin changes colour to match your surroundings (Stealth+).))
You are agile. (Dex +2)
You tend to lose your temper in combat.
You possess an exceptional clarity of mind.
Your mind is acute. (Int +2)
You are resistant to hostile enchantments. (MR+)
((Your system is resistant to poisons. (rPois)))
Your spells are a little easier to cast, but a little less powerful.


Message History

The seven-headed hydra closely misses you. x3
The seven-headed hydra bites you! The seven-headed hydra bites you.
Unknown command.
Casting: Ice Form
Confirm with . or Enter, or press ? or * to list all spells.
You turn into a creature of crystalline ice.
Your +0 cloak melds into your body.
Your +0 pair of gloves melds into your body.
Your +0 pair of boots melds into your body.
Your +1 robe melds into your body.
The seven-headed hydra is engulfed in dark miasma.
The seven-headed hydra bites you!
* * * LOW HITPOINT WARNING * * *
The seven-headed hydra bites you but does no damage.
The seven-headed hydra bites you!
* * * LOW HITPOINT WARNING * * *
The seven-headed hydra bites you!
* * * LOW HITPOINT WARNING * * *
The seven-headed hydra bites you!
You die...

#.####..#. #..Y #.#
#....##.z#.#.. #.#
#.#.>....!.... #.#
#.# ##.# #.# #.# #Y#
#.) #.#
#.####.###....o
#.####.........o....
#........^..######)..
###########.)YD)..))#
########).#


You could see a seven-headed hydra.

Vanquished Creatures
  Erica (D:9)
  An ugly thing (D:9)
  A two-headed ogre (D:8)
  Sigmund (D:2)
  6 yaks
  Grum (D:8)
  A human (D:7)
  3 hippogriffs
  Edmund (D:6)
  4 orc warriors
  5 sky beasts
  6 ice beasts
  2 black bears
  2 phantoms (D:7)
  A wasp (D:9)
  4 wolves (D:8)
  4 ogres
  3 centaurs
  Blork the orc (D:3)
  3 giant frogs
  3 scorpions
  14 wights
  2 howler monkeys
  2 jellies
  A centaur zombie (D:10)
  5 crimson imps
  3 hounds
  A wasp zombie (D:10)
  4 giant frog skeletons
  12 orc wizards
  10 orc priests
  Crazy Yiuf (D:7)
  3 centaur skeletons
  7 iguanas
  6 worker ants
  3 sheep (D:7)
  A worker ant zombie (D:7)
  12 gnolls
  5 adders
  2 shadow imps
  An ooze (D:4)
  An adder skeleton (D:6)
  An adder zombie (D:7)
  3 worms
  5 dart slugs
  8 giant geckos
  71 orcs
  2 bats
  11 giant cockroaches
  6 hobgoblins
  9 jackals
  11 kobolds
  2 ball pythons
  A giant gecko zombie (D:6)
  3 giant newts
  8 goblins
  A jackal skeleton (D:4)
  A quokka zombie (D:6)
  9 rats
302 creatures vanquished.

Vanquished Creatures (collateral kills)
  2 centaurs
2 creatures vanquished.

Grand Total: 304 creatures vanquished

Notes
Turn   | Place    | Note
-------+----------+-------------------------------------------
     0 | D:1      | inmateoo the Demonspawn Transmuter began the quest for the Orb.
     0 | D:1      | Reached XP level 1. HP: 15/15 MP: 3/3
   303 | D:1      | Reached skill level 3 in Unarmed Combat
   353 | D:1      | Gained mutation: You are immune to rotting. [demonic ancestry]
   353 | D:1      | Reached XP level 2. HP: 21/21 MP: 3/5
   560 | D:1      | You fall through a shaft!
   633 | D:1      | Learned a level 2 spell: Sticks to Snakes
   670 | D:1      | Gained mutation: You may emit foul miasma when damaged in melee. [demonic ancestry]
   670 | D:1      | Reached XP level 3. HP: 25/26 MP: 1/6
   710 | D:1      | Found a shattered altar of Ashenzari.
  1312 | D:2      | Learned a level 3 spell: Spider Form
  1333 | D:2      | Found a stormy altar of Qazlal.
  1335 | D:2      | Noticed an air elemental
  1336 | D:2      | Noticed a water elemental
  1336 | D:2      | Noticed an earth elemental
  1336 | D:2      | Noticed a fire elemental
  1923 | D:2      | Noticed Sigmund
  2020 | D:3      | Found a shimmering altar of Xom.
  2217 | D:3      | Found a blossoming altar of Fedhas.
  2562 | D:3      | Reached XP level 4. HP: 24/32 MP: 5/7
  3486 | D:3      | Noticed Blork the orc
  3488 | D:3      | Killed Blork the orc
  3488 | D:3      | Reached skill level 4 in Unarmed Combat
  3488 | D:3      | Reached XP level 5. HP: 37/37 MP: 9/9
  3495 | D:3      | Found a deep blue altar of Sif Muna.
  4497 | D:2      | Killed Sigmund
  4497 | D:2      | Gained mutation: You regenerate a little health from kills. [demonic ancestry]
  4497 | D:2      | Reached XP level 6. HP: 11/43 MP: 9/11
  4747 | D:2      | Reached skill level 5 in Unarmed Combat
  5118 | D:3      | Learned a level 4 spell: Ice Form
  5518 | D:4      | Reached XP level 7. HP: 34/48 MP: 6/12
  5602 | D:4      | Reached skill level 1 in Ice Magic
  5699 | D:4      | Found a hide-covered altar of Uskayaw.
  6385 | D:5      | Entered Level 5 of the Dungeon
  6510 | D:5      | Reached skill level 6 in Unarmed Combat
  6549 | D:5      | Reached XP level 8. HP: 54/56 MP: 10/14
  6821 | D:5      | Found Cutaum's Gadget Emporium.
  6829 | D:5      | Learned a level 3 spell: Regeneration
  7177 | D:6      | Got a fine helmet
  7183 | D:6      | Identified the cursed +0 helmet of Midwinter {rF+++ rN+ Int+4 Dex+4} (You found it on level 6 of the Dungeon)
  7214 | D:6      | Noticed Edmund
  7242 | D:6      | Killed Edmund
  7407 | D:6      | Noticed mrath's ghost (novice GrEE)
  8004 | D:7      | Reached skill level 7 in Unarmed Combat
  8031 | D:7      | Found Wopyrr's Magic Scroll Shop.
  8130 | D:7      | Reached skill level 5 in Spellcasting
  8208 | D:7      | Reached XP level 9. HP: 64/64 MP: 13/16
  8310 | D:7      | Bought a scroll of identify for 26 gold pieces
  8310 | D:7      | Bought a scroll of identify for 26 gold pieces
  8310 | D:7      | Bought a scroll of identify for 26 gold pieces
  8310 | D:7      | Bought a scroll of holy word for 97 gold pieces
  8310 | D:7      | Bought a scroll of fog for 26 gold pieces
  8319 | D:7      | Gained mutation: Potions and wands are less effective at restoring your health. [potion of mutation]
  8319 | D:7      | Gained mutation: Your skin changes colour to match your surroundings (Stealth+). [potion of mutation]
  8319 | D:7      | Gained mutation: Armour fits poorly on your strangely shaped body. [potion of mutation]
  8378 | D:7      | Found a staircase to the Ecumenical Temple.
  8388 | Temple   | Entered the Ecumenical Temple
  8410 | Temple   | Became a worshipper of Cheibriados the Contemplative
  8709 | D:7      | Found a runed door.
  8746 | D:7      | Noticed Crazy Yiuf
  8754 | D:7      | Killed Crazy Yiuf
  8763 | D:7      | Gained mutation: You tend to lose your temper in combat. [potion of mutation]
  8763 | D:7      | Gained mutation: Your mind is acute. (Int +2) [potion of mutation]
  8790 | D:8      | Reached skill level 5 in Transmutations
  8866 | D:8      | Found a burning altar of Makhleb.
  8994 | D:8      | Found Paczae's Antique Armour Shoppe.
  9010 | D:8      | Reached * piety under Cheibriados
  9028 | D:8      | Bought a crude robe for 108 gold pieces
  9053 | D:8      | Identified the cursed +0 robe of the Hidden Gods {rF- Dex+5} (You bought it in a shop on level 8 of the Dungeon)
  9128 | D:7      | Bought a scroll of remove curse for 39 gold pieces
  9354 | D:8      | Reached skill level 8 in Unarmed Combat
  9431 | D:8      | Noticed Grum
  9440 | D:8      | Killed Grum
  9550 | D:8      | Learned a level 6 spell: Statue Form
  9606 | D:8      | Reached ** piety under Cheibriados
  9621 | D:8      | Gained mutation: You are partially covered in molten scales. (AC +2) [demonic ancestry]
  9621 | D:8      | Reached XP level 10. HP: 53/73 MP: 17/19
  9862 | D:8      | Found a glowing silver altar of Zin.
  9862 | D:8      | Found a sparkling altar of Nemelex Xobeh.
 10049 | D:9      | Noticed a purple ugly thing
 10061 | D:9      | Killed a purple ugly thing
 10061 | D:9      | Reached skill level 5 in Fighting
 10061 | D:9      | Reached skill level 5 in Dodging
 10061 | D:9      | Reached skill level 1 in Earth Magic
 10276 | D:9      | Noticed Erica
 10423 | D:9      | Gained mutation: You are agile. (Dex +2) [mutagenic meat]
 10426 | D:9      | Gained mutation: Your spells are a little easier to cast, but a little less powerful. [mutagenic meat]
 10429 | D:9      | Lost mutation: Armour fits poorly on your strangely shaped body. [mutagenic meat]
 10432 | D:9      | Lost mutation: Potions and wands are less effective at restoring your health. [mutagenic meat]
 10438 | D:9      | Gained mutation: You are resistant to hostile enchantments. (MR+) [mutagenic meat]
 10577 | D:9      | Reached skill level 9 in Unarmed Combat
 10795 | D:9      | Killed Erica
 10997 | D:9      | Found a white marble altar of Elyvilon.
 11043 | D:9      | Reached *** piety under Cheibriados
 11370 | D:9      | Found an opulent altar of Gozag.
 11504 | D:10     | Entered Level 10 of the Dungeon
 11630 | D:10     | Noticed Nergalle
 11758 | D:10     | Found Vuuduh's Antique Armour Boutique.
 11775 | D:10     | Reached skill level 1 in Invocations
 11795 | D:10     | Reached **** piety under Cheibriados
 11806 | D:10     | Gained mutation: Your system is resistant to poisons. (rPois) [mutagenic meat]
 11806 | D:10     | Found a staircase to the Orcish Mines.
 11883 | D:10     | Gained mutation: You possess an exceptional clarity of mind. [mutagenic meat]
 11898 | D:10     | Found a roughly hewn altar of Beogh.
 11916 | D:10     | Gained mutation: You have a pair of small horns on your head. [demonic ancestry]
 11916 | D:10     | Reached XP level 11. HP: 80/80 MP: 17/20
 11980 | D:10     | Found Wufoschue's Antique Armour Boutique.
 11988 | D:10     | Bought a pair of boots for 99 gold pieces
 11988 | D:10     | Bought a pair of gloves for 99 gold pieces
 12034 | D:10     | Found Enun Heu's Antique Armour Shoppe.
 12206 | D:10     | Found Neotag's Jewellery Emporium.
 12274 | D:10     | Noticed a six-headed hydra
 12347 | D:11     | Noticed Urug
 12353 | D:11     | Found a frozen archway.
 12481 | D:11     | Noticed a seven-headed hydra
 12496 | D:11     | Reached ***** piety under Cheibriados
 12498 | D:11     | HP: 1/96 [seven-headed hydra (14)]
 12498 | D:11     | Mangled by a seven-headed hydra

Vault maps used:
D:1:      dpeg_arrival_water_fire, hex_medium, evilmike_ruin_ashenzari
D:2:      nicolae_qazlal_style_of_elements, minivault_25,
          minmay_misc_feat_roman, minmay_fountain_box, roderic_aztec_sauvastika,
          uniq_sigmund
D:3:      lemuel_round_altar, tgw_sif, nicolae_overflow_crystal_walls,
          first_bread
D:4:      overflow_temple_1_default, roderic_lattice_a
D:5:      serial_shops, shop
D:6:      wad_rectangle_vault, uniq_edmund
D:7:      serial_shops, nicolae_shop_crystal, grunt_livestock,
          uniq_crazy_yiuf_cottage
D:8:      gammafunk_temple_overflow_elements, serial_shops, nicolae_shop_stone,
          makhleb_heckhound_becter, uniq_grum
D:9:      lemuel_doored_altar, lemuel_coloured_pillars_altar, serial_glass,
          glass_columns_a, glass_columns_c, serial_bayou_pond_a, minivault_20,
          uniq_erica
D:10:     minmay_opposing_rooms, orc_0_dummy, special_room, serial_shops, shop,
          shop, shop_fountains, kennysheep_mini, uniq_nergalle
D:11:     lair_0_dummy, portal_ice_cave_entry_ice_beasts, uniq_psyche, uniq_urug
Temple:   minmay_temple_bridge_abc

Skill      XL: |  1  2  3  4  5  6  7  8  9 10 11 |
---------------+----------------------------------+-----
Unarmed Combat | 3 4 5 6 7 8 9 |  9.6
Transmutations | 2 3 4 5 6 7 |  7.2
Spellcasting   | 3 4 5 6 |  6.8
Dodging        | 2 3 4 5 |  5.5
Ice Magic      | 2 |  2.3
Fighting       | 2 3 4 5 |  5.6
Earth Magic    | 3 4 |  4.0
Invocations    | 1 2 |  2.3

Action                   |  1- 3 |  4- 6 |  7- 9 | 10-12 || total
-------------------------+-------+-------+-------+-------++-------
Melee: Unarmed           |   138 |    93 |   348 |   318 ||   897
       Kick              |     4 |     3 |     4 |     7 ||    18
       Headbutt          |    13 |     3 |     1 |    10 ||    27
       Punch             |     1 |     1 |     7 |     8 ||    17
       Flail             |       |    49 |       |       ||    49
       Rapier            |       |    29 |    31 |       ||    60
 Fire: Blowgun           |       |     8 |       |       ||     8
 Cast: Beastly Appendage |    17 |     5 |     6 |     1 ||    29
       Sticks to Snakes  |     2 |     1 |     3 |     6 ||    12
       Spider Form       |       |     5 |    12 |     2 ||    19
       Ice Form          |       |       |    15 |    16 ||    31
       Regeneration      |       |       |     1 |       ||     1
Invok: Slouch            |       |       |       |     3 ||     3
 Abil: End Transformatio |       |       |       |     1 ||     1
Evoke: Wand              |       |     2 |       |     8 ||    10
  Use: Scroll            |     4 |       |    16 |     4 ||    24
       Potion            |       |     1 |     3 |     3 ||     7
 Stab: Sleeping          |     1 |     1 |     2 |     2 ||     6
       Distracted        |       |       |       |     1 ||     1
  Eat: Chunk             |     6 |    11 |    15 |    16 ||    48
       Fruit             |       |       |     1 |       ||     1
Armor: Robe              |    18 |    38 |    23 |    20 ||    99
       Skin              |       |     2 |    21 |    42 ||    65
Dodge: Dodged            |    77 |   106 |   233 |   225 ||   641
